 Dungeon Crawl Stone Soup version 0.27-a0-1184-ge86db4a01e (webtiles) character file.

Game seed: 16431534437579624221

111 roflturtle the Gusty (level 4, -1/35 HPs)
             Began as a Demigod Air Elementalist on May 19, 2021.
             Slain by an orc wizard
             ... wielding a +0 dagger
              (2 damage)
             ... on level 3 of the Dungeon.
             The game lasted 00:10:15 (3395 turns).

roflturtle the Gusty (Demigod Air Elementalist)     Turns: 3395, Time: 00:10:15

Health: -1/35      AC:  2    Str:  9    XL:     4   Next: 36%
Magic:  1/9        EV: 12    Int: 21    God:
Gold:   107        SH:  0    Dex: 14    Spells: 1/7 levels left

rFire    . . .     SeeInvis .   b - +0 short sword
rCold    . . .     Faith    .   (no shield)
rNeg     . . .     Spirit   .   a - +0 robe
rPois    .         Reflect  .   (no helmet)
rElec    .         Harm     .   (no cloak)
rCorr    .         Rampage  .   (no gloves)
Will     .....                  (no boots)
Stlth    ++........             (no amulet)
HPRegen  0.11/turn              (no ring)
MPRegen  0.11/turn              (no ring)

@: no status effects
A: high mp 1, forlorn
a: no special abilities


You were on level 3 of the Dungeon.
You visited 1 branch of the dungeon, and saw 3 of its levels.

You collected 107 gold pieces.

Inventory:

Hand Weapons
 b - a +0 short sword (weapon)
Armour
 a - a +0 robe (worn)
Scrolls
 c - a scroll of blinking {unknown}
 d - a scroll of immolation {unknown}
 h - a scroll of fear {unknown}
 i - a scroll of holy word {unknown}
 j - 2 scrolls of fog {unknown}
Potions
 e - a potion of curing {unknown}
 f - a potion of might {unknown}
 g - a potion of lignification {unknown}


   Skills:
 - Level 1.0 Fighting
 - Level 2.0 Dodging
 - Level 2.0 Stealth
 - Level 2.0 Spellcasting
 - Level 3.0 Conjurations
 + Level 3.2 Air Magic


You had one spell level left.
You knew the following spells:

 Your Spells              Type           Power      Damage    Failure   Level
a - Shock                 Conj/Air       60%        1d6       4%          1
b - Static Discharge      Conj/Air       15%        N/A       6%          2
c - Swiftness             Air            15%        N/A       12%         3

Your spell library contained the following spells:

 Spells                   Type           Power      Damage    Failure   Level
 Airstrike                Air            7%         N/A       36%         4
 Lightning Bolt           Conj/Air       7%         1d20      75%         5


Dungeon Overview and Level Annotations

Branches:
Dungeon (3/15)

Shops:
D:2 (


Innate Abilities, Weirdness & Mutations

Your attributes grow dramatically as you level up.
You have an increased reservoir of magic. (+10% MP)
You shall have no god before yourself.


Message History

Something tries to affect you, but you resist.
You bump into the rock wall.
Something hits you.
You're too confused to move!
Something hits you.
You bump into the rock wall.
Something hits you.
You barely miss something.
You feel less confused. Something hits you.
Casting: Shock (safe; 4% risk of failure)
Confirm with . or Enter, or press ? or * to list all spells.
Aiming: Shock (safe; 4% risk of failure)
Press: ? - help, Shift-Dir - straight line The zap misses the hobgoblin.
The zap hits the hobgoblin.
The hobgoblin is almost dead.
The zap hits something.
Something hits you.
You miss something.
You hear some strange, mumbled words.
A magic dart appears from out of thin air!
The magic dart hits you.
You miss something.
You hear some strange, mumbled words.
A puff of flame appears from out of thin air!
The puff of flame hits you!
* * * LOW HITPOINT WARNING * * *
You barely miss something. Something hits you.
* * * LOW HITPOINT WARNING * * *
You closely miss something.
You hear some strange, mumbled words.
Something tries to affect you, but you resist.
You barely miss something. Something hits you.
* * * LOW HITPOINT WARNING * * *
You miss something. Something barely misses you.
Something hits you but does no damage.
You barely miss something.
An orc wizard appears from thin air!
Reactivating autopickup.
The orc wizard hits you with a +0 dagger.
* * * LOW HITPOINT WARNING * * *
You barely miss the orc wizard.
The orc wizard is heavily wounded.
The orc wizard hits you with a +0 dagger.
You die...

#.##. ############ #.##.
...........# ######.##.
.(#...#.†.### #......##.
....)g.)....########.####....
..#.!.#...#.)...............#
.....l.....#g#######.####....
############o# #..##
#.)....@# #..# #.####### #..#
#.# ##†.# #.# #...#
######.#### #.# #.#.#
#.........# #.# #.#.#
#.####.##.# #.# #.#.# #..#.#
#.# #.#.# ##.#†# #.# #†#.#


You could see an orc wizard and a hobgoblin.

Vanquished Creatures
  3 adders
  A worm (D:2)
  7 orcs (D:3)
  6 ball pythons
  6 bats
  7 endoplasms
  2 giant cockroaches (D:1)
  5 goblins
  8 hobgoblins
  5 jackals
  2 quokkas (D:1)
  4 frilled lizards
  6 kobolds
  6 rats
68 creatures vanquished.

Notes
Turn   | Place    | Note
-------+----------+-------------------------------------------
     0 | D:1      | roflturtle the Demigod Air Elementalist began the quest for
                  | the Orb.
     0 | D:1      | Reached XP level 1. HP: 14/14 MP: 5/5
    42 | D:1      | Reached skill level 1 in Conjurations
   237 | D:1      | Reached XP level 2. HP: 20/20 MP: 1/7
  1045 | D:1      | Reached XP level 3. HP: 26/26 MP: 4/8
  1048 | D:1      | Learned a level 2 spell: Static Discharge
  1052 | D:1      | Learned a level 3 spell: Swiftness
  2161 | D:2      | Found Ragasoz's Weapon Shop.
  2688 | D:3      | Reached XP level 4. HP: 13/33 MP: 3/9
  3024 | D:3      | Reached skill level 1 in Fighting
  3394 | D:3      | HP: 1/35 [orc wizard/+0 dagger (1)]
  3395 | D:3      | Slain by an orc wizard

Illustrated notes

Levels and vault maps discovered:
D:1:      minmay_arrival_stair_chambers, layout_basic, st_stairs_6,
          serial_park_tiny_pond, minmay_close_crescents
D:2:      layout_basic, ebering_ecumenical_altar_sacrificial, serial_shops,
          nicolae_shop_statue_plus
D:3:      layout_loops_ring, lemuel_coloured_pillars_altar, uniq_terence,
          uniq_natasha, uniq_crazy_yiuf_cottage

Skill      XL: |  1  2  3  4 |
---------------+-------------+-----
Conjurations   | 1 2 3 |  3.0
Spellcasting   | 2 |  2.0
Air Magic      | 3 |  3.2
Stealth        | 2 |  2.0
Dodging        | 2 |  2.0
Fighting       | 1 |  1.0

Action                   |  1- 3 |  4- 6 || total
-------------------------+-------+-------++-------
Melee: Unarmed           |     4 |       ||     4
       Short sword       |    31 |    10 ||    41
 Cast: Shock             |    97 |    35 ||   132
       Static Discharge  |     2 |       ||     2
 Stab: Sleeping          |     1 |       ||     1
Armor: Robe              |     7 |     1 ||     8
Dodge: Dodged            |    29 |     6 ||    35

Table legend: (Time is in decaauts)
 A = Elapsed time spent in this place.
 B = Non-inter-level travel time spent in this place.
 C = Inter-level travel time spent in this place.
 D = Time resting spent in this place.
 E = Time spent auto-exploring this place.
 F = Levels seen in this place.
 G = Mean time per level.
                   A        B        C        D        E       F      G
               +--------+--------+--------+--------+--------+-----+--------+
         Total |   3398 |   3368 |     30 |    296 |   2648 |   3 | 1132.7 |
       Dungeon |   3398 |   3368 |     30 |    296 |   2648 |   3 | 1132.7 |
               +--------+--------+--------+--------+--------+-----+--------+

Top non-repeatable levels by time:
     D:1: 1546 daAuts
     D:2: 1115 daAuts
     D:3: 735 daAuts
